[Event "84th Georgian Championship 2025"]
[Site "Tbilisi"]
[Date "2025.02.04"]
[Round "2.1"]
[White "Gagunashvili, Merab"]
[Black "Quparadze, Giga"]
[Result "1-0"]
[Annotator "TA"]
[ECO "A35"]
[WhiteElo "2541"]
[BlackElo "2537"]
[PlyCount "25"]
[EventDate "2025.02.03"]
[EventType "tourn"]
[EventCountry "GEO"]
[SourceTitle "playchess.com"]
[Source "ChessBase"]
[SourceQuality "1"]
[TimeControl "40/5400+30:1800+30"]

1. c4 c5 2. Nf3 Nc6 3. Nc3 g6 4. e3 Nf6 5. d4 cxd4 6. exd4 d5 7. cxd5 Nxd5 8. Qb3 e6 {[%emt 0:00:07] is the legacy move (8...Nxc3).} 9. Bc4 {[%emt 0:02:40] A35: Symmetrical English: 2 Nc3 Nc6 3 Nf3.} Na5 10. Bb5+ Bd7 11. Qa4 {[%emt 0:01:25] Black must now prevent Nxd5.} Bxb5 $146 (11... a6 $11 {is more appropriate.} 12. Bxd7+ Qxd7) (11... a6 12. Bxd7+ Qxd7 13. Qxd7+ Kxd7 14. Ne5+ Ke8 15. Bd2 Nc6 16. Nxc6 bxc6 17. Rc1 Kd7 {1-0 Dragun,K (2579)-Preotu,R (2473) Pan American Intercollegiate-chT 2022 (5.1)}) 12. Qxb5+ $14 Qd7 $2 {[%emt 0:00:07][%mdl 8192] [#] A sharp opening} (12... Nc6 $14) 13. Nxd5 $1 {[%emt 0:03:16] White took control after the opening.   Weighted Error Value: White=0.03 (flawless) /Black=0.96  Loses game:     	---       	Black=1      Mistake:       	---       	Black=1      OK:         	White=1     	Black=1      Best:        	---       	Black=1      Strong:       	White=1     	---} 1-0

[Event "84th Georgian Championship 2025"]
[Site "Tbilisi"]
[Date "2025.02.04"]
[Round "2.2"]
[White "Kacharava, Nikolozi"]
[Black "Nigalidze, Gaioz"]
[Result "1-0"]
[Annotator "TA"]
[ECO "C42"]
[WhiteElo "2524"]
[BlackElo "2378"]
[PlyCount "141"]
[EventDate "2025.02.03"]
[EventType "tourn"]
[EventCountry "GEO"]
[SourceTitle "playchess.com"]
[Source "ChessBase"]
[SourceQuality "1"]
[TimeControl "40/5400+30:1800+30"]

1. e4 e5 2. Nf3 Nf6 3. Nxe5 d6 4. Nf3 Nxe4 5. Qe2 Qe7 6. d3 Nf6 7. Nc3 Qxe2+ 8. Bxe2 Be7 {[%emt 0:00:09] C42: Petroff Defence: 3 Nxe5 and unusual White 3rd moves.} 9. Bf4 O-O 10. h3 c6 {[%emt 0:01:50] The position is equal.} 11. g4 $146 (11. O-O-O Na6 12. g4 Nc5 {½-½ Lazic,M (2307)-Petrovic,A (2250) Pozarevac Rudar IM 10 2024 (2)}) 11... d5 12. O-O-O Ne8 13. d4 Bd6 14. Ne5 Nd7 15. Nd3 Bxf4+ 16. Nxf4 Nd6 17. Bd3 Re8 18. Rde1 Rxe1+ 19. Rxe1 Nf8 20. Kd2 Bd7 21. f3 Re8 22. Nce2 Ne6 23. Nxe6 Rxe6 24. Rh1 Rf6 25. Ke3 Re6+ 26. Kd2 Rf6 27. Ke3 Re6+ 28. Kf2 Rf6 29. a4 Re6 30. a5 Re8 31. Nf4 h6 32. h4 g6 33. b3 b5 34. axb6 axb6 35. Ra1 {[%emt 0:00:05] Against Ra8} Rb8 36. Ra7 Be8 37. Be2 {[%emt 0:03:49] White has more active pieces.} Rb7 38. Ra8 {[%emt 0:00:39][%csl Oe8] Black has a bad bishop} Kf8 39. Ke3 (39. Ba6 $16 Rc7 40. Bd3) 39... g5 $11 40. hxg5 hxg5 41. Nh5 Ke7 42. Ng3 c5 43. Bd3 Kf6 {[%emt 0:07:34] [#]} (43... f6 $14) 44. c3 (44. f4 $1 $16) 44... Re7+ $14 45. Kd2 cxd4 46. cxd4 Rc7 47. Ra1 Ke7 48. Re1+ Kd7 {[%emt 0:02:14] [#]} (48... Kd8 $1 $14) 49. Nh5 $1 $16 Ra7 50. Re5 Ra2+ 51. Kc3 Kc7 52. Rxg5 Rf2 53. Nf4 (53. Rxd5 Rxf3 54. Kd2 f5 $11) 53... Rxf3 54. Nxd5+ Kb7 55. Re5 {[%emt 0:00:37] aiming for Re3. Wards off Ne4+} Bb5 {[%emt 0:00:27] Black cannot hold the game after this.} ({Black should try} 55... Bc6 $14) 56. Re7+ $18 Kc8 (56... Kb8 $142) 57. Re3 $1 (57. Nxb6+ $2 {perishes.} Kd8 58. Kb4 Rxd3 $19 (58... Bxd3 59. Rd7+ Ke8 60. Rxd6 $16)) 57... Rxe3 58. Nxe3 {[%emt 0:00:01][%mdl 4096] Endgame KBN-KBN. White is a pawn up.} Bc6 59. d5 Be8 (59... Bd7 {was worth a try.} 60. g5 Ne8) 60. g5 Kd8 61. Kd4 Bd7 62. Ke5 Ke7 63. Nc4 Nc8 64. d6+ Ke8 65. Ne3 Be6 66. Bb5+ Kd8 67. Bc4 Kd7 68. Bxe6+ {[%emt 0:00:55] White mates.} fxe6 69. Nc4 b5 {[%emt 0:00:06][%cal Bb6b5,Bb5c4][%mdl 32] [#]} 70. g6 $1 bxc4 71. g7 {[%emt 0:00:04] Weighted Error Value: White=0.09 (flawless) /Black=0.26 (precise)   Mistake:       	White=2     	Black=5      Inaccurate:     	White=4     	Black=7      OK:         	White=23    	Black=15     Best:        	White=3     	Black=5      Strong:       	White=2     	---} 1-0

[Event "84th Georgian Championship 2025"]
[Site "Tbilisi"]
[Date "2025.02.04"]
[Round "2.3"]
[White "Mchedlishvili, Mikheil"]
[Black "Petriashvili, Nikoloz"]
[Result "1/2-1/2"]
[Annotator "TA"]
[ECO "E14"]
[WhiteElo "2568"]
[BlackElo "2450"]
[PlyCount "65"]
[EventDate "2025.02.03"]
[EventType "tourn"]
[EventCountry "GEO"]
[SourceTitle "playchess.com"]
[Source "ChessBase"]
[SourceQuality "1"]
[TimeControl "40/5400+30:1800+30"]

1. Nf3 Nf6 2. c4 e6 3. d4 Bb4+ 4. Nbd2 b6 5. e3 O-O 6. Bd3 d5 7. O-O Bb7 8. a3 Bd6 9. b4 c5 10. cxd5 exd5 11. bxc5 bxc5 12. dxc5 Bxc5 13. Rb1 Bb6 14. Bb2 Nbd7 15. Nb3 {[%emt 0:06:36] White is more active. White is slightly better.} Rc8 16. a4 Ba8 17. Nbd4 (17. Nfd4 $16) 17... Ne4 $14 18. Rc1 Rxc1 19. Qxc1 Ndc5 20. Bc2 Qd7 21. Qa1 Rc8 22. Rd1 Bd8 23. Ne2 Bf6 24. Bxe4 Nxe4 25. Bxf6 Nxf6 26. Nfd4 Ne4 27. Ng3 Nd6 28. h3 g6 29. Nge2 a5 30. Nc3 Rc4 31. Nde2 {[%emt 0:02:00] Excellent horsemanship.} (31. Nb3 $16) 31... Nf5 {[%emt 0:00:00] [#]} (31... Ne8 $11) 32. Qb2 ({White should play} 32. Nxd5 $1 $16 {White threatens Nf6+ and mate.} Bxd5 33. Nc3) 32... Qb7 33. Qxb7 {[%emt 0:13:01] Weighted Error Value: White=0.16 (very precise) /Black=0.13 (very precise) .  Mistake:       	White=3     	Black=1      Inaccurate:     	White=2     	Black=2      OK:         	White=6     	Black=7      Best:        	White=1     	---} (33. Qb5 $5 d4 34. Qxb7 Bxb7 35. exd4 $17) 1/2-1/2

[Event "84th Georgian Championship 2025"]
[Site "Tbilisi"]
[Date "2025.02.04"]
[Round "2.4"]
[White "Tutisani, Noe"]
[Black "Pantsulaia, Levan"]
[Result "0-1"]
[Annotator "TA"]
[ECO "B43"]
[WhiteElo "2439"]
[BlackElo "2522"]
[PlyCount "74"]
[EventDate "2025.02.03"]
[EventType "tourn"]
[EventCountry "GEO"]
[SourceTitle "playchess.com"]
[Source "ChessBase"]
[SourceQuality "1"]
[TimeControl "40/5400+30:1800+30"]

1. e4 c5 2. Nf3 e6 3. d4 cxd4 4. Nxd4 a6 5. Nc3 b5 6. Bd3 Bb7 7. O-O Nc6 8. Nxc6 Bxc6 9. Re1 {[%emt 0:00:05] B43: Sicilian: Kan Variation: 5 Nc3.} Ne7 $1 {[%emt 0:00:08][%mdl 4] is now more promising than 9...Bc5.} 10. Bf1 (10. Be3 $5) 10... Ng6 {[%emt 0:05:06] [#]} 11. Nd5 Bc5 $11 12. b4 $146 (12. Qh5 $11) (12. Qh5 d6 13. Bg5 Qd7 14. Rad1 Bxd5 15. exd5 e5 16. Be3 Bxe3 17. Rxe3 Nf4 18. Qf3 {0-1 Najer,E (2659)-Kovalenko,I (2674) Chess.com Rapid Wk8 Swiss 2022 (9)}) 12... Ba7 (12... Bxf2+ $5 13. Kxf2 Bxd5 $11) 13. Be3 Qb8 (13... Bxe3 14. Nxe3 O-O 15. f3 Qb6) 14. Bc5 f6 {[%emt 0:16:09] [#]} (14... d6 15. Bxa7 Rxa7 16. Ne3 O-O) 15. Qd4 $1 Kf7 (15... d6 {simplifies} 16. Bxa7 Qxa7 17. Rad1 Qxd4 18. Rxd4 Bxd5 19. exd5 e5) 16. c4 exd5 17. exd5 Bb7 18. cxb5 axb5 19. d6 {[%emt 0:00:51] [#] Black converts the advantage convincingly.} ({White should try} 19. Bxb5 $15 Bxc5 20. bxc5) 19... Bxc5 $1 $17 20. Qxc5 Bc6 21. a4 Rc8 (21... Rxa4 22. Rxa4 bxa4 23. b5 $16) (21... bxa4 22. b5 Bb7 23. Bc4+ Kf8 24. Ba2 $14) 22. Rac1 Rxa4 {[%emt 0:07:44] And now ...Re8 would win.} 23. Bxb5 Qxb5 24. Qxb5 Bxb5 25. Rxc8 Rxb4 26. Rb8 Rb3 27. Rb7 Ba4 28. Rxb3 Bxb3 29. f4 f5 (29... Nxf4 30. Re7+ Kf8 31. Rxd7 $11) 30. Kf2 Bd5 31. g4 (31. g3 {keeps fighting.}) 31... Be4 (31... Nxf4 32. Kg3 Nd3 33. Re7+ Kf6 34. g5+ Kg6 35. Rxd7 f4+ (35... Kxg5 $2 {is the wrong capture.} 36. Rxg7+ Kf6 37. d7 $18) 36. Kh4 $19) 32. Kg3 Ke6 33. gxf5+ Kxf5 34. h4 Nh8 ({Weaker is} 34... Nxf4 35. Rf1 $11) 35. h5 Nf7 36. Rd1 Ke6 37. Kf2 Nxd6 {[%emt 0:00:22] Weighted Error Value: White=0.24 (precise) /Black=0.12 (very precise)   Mistake:       	White=4     	---        Inaccurate:     	White=2     	Black=2      OK:         	White=5     	Black=12     Best:        	White=4     	---} 0-1

[Event "84th Georgian Championship 2025"]
[Site "Tbilisi"]
[Date "2025.02.04"]
[Round "2.5"]
[White "Sanikidze, Tornike"]
[Black "Paichadze, Luka"]
[Result "1-0"]
[Annotator "TA"]
[ECO "E11"]
[WhiteElo "2432"]
[BlackElo "2532"]
[PlyCount "155"]
[EventDate "2025.02.03"]
[EventType "tourn"]
[EventCountry "GEO"]
[SourceTitle "playchess.com"]
[Source "ChessBase"]
[SourceQuality "1"]
[TimeControl "40/5400+30:1800+30"]

1. d4 Nf6 2. c4 e6 3. Nf3 Bb4+ 4. Bd2 a5 5. a3 Be7 6. Nc3 {[%emt 0:00:28] E11: Bogo-Indian.} d5 7. Bf4 O-O 8. e3 {[%emt 0:03:32] White is slightly better.} b6 9. cxd5 exd5 10. Qc2 $146 (10. Bd3 Bb7 11. h3 c5 12. O-O Nc6 13. Ne5 cxd4 14. Nxc6 Bxc6 15. exd4 Re8 16. Re1 {1-0 Aditya,M (2595)-Pranav,V (2611) Wch Blitz Samarkand 2023 (21)}) 10... c5 11. dxc5 bxc5 12. Rd1 Be6 13. Bc4 Qd7 14. O-O ({Better is} 14. Ng5 $16 Bf5 15. e4) 14... Qb7 $11 15. Ba2 Nbd7 (15... h6 $1 $14) 16. Ng5 $1 $16 Nb6 {[%emt 0:00:00] A sharp opening} 17. e4 {[%emt 0:02:34] White has more active pieces.} h6 (17... c4 $142 18. exd5 Bxd5) 18. Nxe6 $18 fxe6 19. exd5 exd5 20. Be5 Rad8 (20... c4 $16 21. Bd4 Bd8) 21. Bb1 {[%emt 0:04:10] This pair of bishops is nice.} Nbd7 {[%emt 0:00:00] [#]} 22. Rxd5 Nxe5 23. Rxe5 Bd6 24. Re6 Rfe8 25. Rfe1 Rxe6 26. Rxe6 Qd7 27. Ba2 Kh8 28. g3 Re8 29. Qf5 Rxe6 30. Bxe6 Qb7 {[%emt 0:00:00] Black is weak on the light squares} 31. b3 Qe7 32. Nd5 Nxd5 33. Bxd5 {[%emt 0:00:01][%mdl 4096] Endgame KQB-KQB. White is a pawn up.} Qf8 34. Qh5 Qe7 (34... c4 $142) 35. Kg2 Be5 36. Qf5 Qe8 {[%emt 0:04:35] Prevents Qc8.} 37. Be4 Kg8 38. Bd5+ Kh8 39. Qe4 {[%emt 0:00:34] Against Bd4} Qb8 40. Bc4 Bd6 41. Bd3 Kg8 42. Qh7+ Kf7 43. Bc4+ Kf6 44. Qe4 {[%emt 0:00:04] Inhibits Qa8.} Qc8 {[%emt 0:01:33] Against Qe6+} 45. Bd3 Be5 46. Qh4+ Kf7 47. Qh5+ Kf6 48. Qg6+ Ke7 49. Bc4 {[%emt 0:00:10] Inhibits Qe6.} Qb7+ 50. Kg1 Kd8 51. Qe6 Bd4 52. Qd6+ Qd7 53. Qa6 Qc7 54. Kg2 Kd7 55. Qe6+ Kd8 56. Bb5 {[%emt 0:00:15][%csl Gb5][%cal Re6e8] Against Qd7} Qb7+ 57. Bc6 Qe7 58. Qg8+ Kc7 59. Qa8 Qd6 60. Qb7+ (60. Qxa5+ Kxc6 61. Qa6+ Kd7 62. Qb7+ Kd8 63. Qa8+ Ke7 $19) 60... Kd8 61. Qa8+ Kc7 $1 62. Qb7+ (62. Qxa5+ Kxc6 63. Qa6+ Kd7 64. Qb7+ Ke6 65. Qe4+ Kf6 $19) 62... Kd8 63. Bb5 Qc7 64. Qd5+ Ke7 {[%emt 0:00:10] [#]} 65. b4 axb4 $16 66. axb4 Qa7 $2 (66... cxb4 $16 67. Qe4+ (67. Qxd4 Qb7+ 68. Kg1 Qxb5 $11) 67... Qe5 68. Qb7+ Ke6) 67. Qe4+ $18 Kd8 68. Qe8+ $2 (68. Qc6 {Black must now prevent Qd6+.} Be5 69. Qe8+ (69. Qxc5 Qxc5 70. bxc5 g5 $18) (69. bxc5 Qf7 $18) 69... Kc7 70. Qxe5+ Kc8 71. Qxc5+ (71. bxc5 Qb7+ 72. c6 Qc7 $18) 71... Qxc5 72. bxc5) 68... Kc7 69. Qd7+ Kb8 70. Qd8+ $1 Kb7 71. Qd7+ (71. Bd7 $18 {has better winning chances. Intending Qc8+ and mate.} Qb6 72. Qc8+ Ka7 73. Bc6) 71... Kb8 $16 72. Qd8+ $2 (72. Qe6 $16) 72... Kb7 $18 73. Bd7 $1 Qb6 {[%emt 0:02:18] [#]} 74. Qc8+ $1 Ka7 {[%emt 0:00:01] [#]} 75. Bc6 $1 Qb8 76. Qd7+ Kb6 $2 (76... Ka6 77. h4 (77. bxc5 Bxc5 78. Qxg7 Qb6 $18) 77... g6) 77. Bf3 Qc7 {[%emt 0:00:23] Prevents Qc6+} 78. Qa4 {[%emt 0:00:18] Weighted Error Value: White=0.14 (very precise) /Black=0.13 (very precise)   Loses game:     	---       	Black=3      Mistake:       	White=4     	Black=5      Inaccurate:     	White=2     	Black=2      OK:         	White=29    	Black=23     Best:        	White=4     	Black=11     Strong:       	White=5     	Black=1} 1-0

[Event "84th Georgian Championship 2025"]
[Site "Tbilisi"]
[Date "2025.02.05"]
[Round "3.1"]
[White "Pantsulaia, Levan"]
[Black "Kacharava, Nikolozi"]
[Result "1/2-1/2"]
[Annotator "TA"]
[ECO "A07"]
[WhiteElo "2522"]
[BlackElo "2524"]
[PlyCount "49"]
[EventDate "2025.02.03"]
[EventType "tourn"]
[EventCountry "GEO"]
[SourceTitle "playchess.com"]
[Source "ChessBase"]
[SourceQuality "1"]
[TimeControl "40/5400+30:1800+30"]

1. Nf3 d5 2. g3 c6 3. Bg2 Bf5 4. d3 Nd7 5. O-O e5 6. Nbd2 Ngf6 7. b3 {[%emt 0:13:13][%cal Oe2e4] A07: Réti Opening: New York and Capablanca Systems.} Bd6 8. e4 Bg6 9. Nh4 $146 (9. Bb2 O-O 10. Qe2 Re8 11. h3 a5 12. Nh4 a4 13. Nxg6 hxg6 14. a3 axb3 15. cxb3 {½-½ Zhao,C (2396)-Xi,Q (2261) Tianjin Binhai Cup 2nd 2020 (7)}) 9... Bh5 10. Bf3 Bxf3 11. Qxf3 g6 {[%emt 0:03:27] Prevents Nf5} 12. exd5 cxd5 13. c4 Qa5 14. cxd5 Qxd5 15. Nc4 {[%emt 0:03:08] [#]} Bc7 16. Ba3 {[%emt 0:05:52] Rac1 would now be deadly.} O-O-O 17. Rfe1 (17. Bd6 $5 b5 18. Bxc7 Kxc7 19. Ne3 Qxf3 20. Nxf3 $14) 17... Rhe8 18. Rac1 Kb8 $1 19. Rc2 Re6 (19... Qe6 $15) 20. Rec1 $11 h6 21. Kg2 ({Better is} 21. Ne3 $14 Qxf3 22. Nxf3) 21... Nb6 {[%emt 0:04:11] The position is equal.} 22. Bb2 Nxc4 (22... Qxd3 $2 {perishes.} 23. Qxd3 Rxd3 24. Nxb6 $18) 23. Rxc4 Bb6 24. Re1 Bc7 25. Rec1 {[%emt 0:02:12] Weighted Error Value: White=0.10 (very precise) /Black=0.09 (flawless)   Mistake:       	White=1     	Black=1      Inaccurate:     	White=3     	Black=1      OK:         	White=9     	Black=6      Best:        	---       	Black=3      Strong:       	---       	Black=1} 1/2-1/2

[Event "84th Georgian Championship 2025"]
[Site "Tbilisi"]
[Date "2025.02.05"]
[Round "3.2"]
[White "Paichadze, Luka"]
[Black "Tutisani, Noe"]
[Result "1/2-1/2"]
[Annotator "TA"]
[ECO "C00"]
[WhiteElo "2532"]
[BlackElo "2439"]
[PlyCount "100"]
[EventDate "2025.02.03"]
[EventType "tourn"]
[EventCountry "GEO"]
[SourceTitle "playchess.com"]
[Source "ChessBase"]
[SourceQuality "1"]
[TimeControl "40/5400+30:1800+30"]

1. e4 e6 2. Qe2 c5 3. g3 Nc6 4. Nf3 e5 5. Bg2 g6 6. d3 {[%emt 0:01:25] C00: French: Unusual White 2nd moves.} d6 7. Bg5 $146 (7. Nc3 Bg7 8. Nd5 Nge7 9. Bg5 Qa5+ 10. Bd2 Qd8 11. Bg5 Qa5+ 12. Bd2 Qd8 13. Nxe7 Qxe7 {1-0 Klein,D (2498)-Kvisvik,B (2290) Barcelona Sants op 16th 2014 (7)}) 7... f6 8. Be3 Bg7 9. c3 Nh6 10. d4 cxd4 $1 11. cxd4 Ng4 12. Nc3 O-O 13. O-O Nxe3 14. Qxe3 Bg4 15. dxe5 fxe5 16. Nd5 Qd7 17. Rac1 Rac8 18. Rc3 Kh8 19. Ng5 Nd4 {[%emt 0:15:53] and ...Ne2+ should not be overlooked} 20. f3 Be6 21. Nxe6 Qxe6 22. h4 Rc6 23. Kh2 Qf7 24. Rf2 a6 25. Rd3 Rc5 26. Bh3 Rc2 27. Rxc2 Nxc2 28. Qf2 (28. Qc1 $5 Nd4 $8 29. Bg2 $14) 28... Nd4 29. Kg2 Qe8 30. Rc3 Qa4 31. b3 Qa5 32. Bg4 h5 33. Bh3 (33. Bd7 {keeps more tension.} Qd8 34. Rc7 Nxf3 35. Bf5) 33... Qb5 34. Kh2 Kh7 35. Bg2 Rf7 36. Rc4 Qe8 37. Qe3 b5 38. Rc3 a5 39. Qd3 Qf8 40. a3 Qd8 41. Qd1 b4 42. axb4 $14 axb4 43. Rd3 ({White should try} 43. Nxb4 $16 Qa5 44. Nd5) 43... Qa5 $11 {[%emt 0:00:52] The position is equal.} 44. f4 exf4 45. Nxf4 (45. Rxd4 $2 fxg3+ 46. Kh3 (46. Kxg3 $2 {too greedy.} Be5+ 47. Kh3 Qa7 $19) 46... Qa7 $19 (46... Bxd4 47. Qxd4 Qa7 48. Nf6+ Kh6 49. Ng8+ Kh7 50. Nf6+ Kh6 51. Ng8+ Kh7 52. Nf6+ $11)) 45... Qe5 46. Nh3 Bf6 {[%emt 0:04:01][%cal Oh7g7] Against Ng5+} 47. Rxd4 Qxd4 48. Ng5+ Kg8 49. Qxd4 Bxd4 50. Nxf7 Kxf7 {[%emt 0:00:04] Weighted Error Value: White=0.07 (flawless) /Black=0.06 (flawless)   Mistake:       	White=1     	Black=1      Inaccurate:     	White=2     	Black=2      OK:         	White=20    	Black=17     Best:        	White=1     	Black=2      Strong:       	---       	Black=1} 1/2-1/2

[Event "84th Georgian Championship 2025"]
[Site "Tbilisi"]
[Date "2025.02.05"]
[Round "3.3"]
[White "Quparadze, Giga"]
[Black "Sanikidze, Tornike"]
[Result "1-0"]
[Annotator "TA"]
[ECO "B81"]
[WhiteElo "2537"]
[BlackElo "2432"]
[PlyCount "115"]
[EventDate "2025.02.03"]
[EventType "tourn"]
[EventCountry "GEO"]
[SourceTitle "playchess.com"]
[Source "ChessBase"]
[SourceQuality "1"]
[TimeControl "40/5400+30:1800+30"]

1. e4 c5 2. Nf3 d6 3. d4 cxd4 4. Nxd4 Nf6 5. Nc3 a6 6. h3 e6 7. g4 h6 {[%emt 0:00:43] 7...h6 scores better than 7...Be7.} 8. Bg2 Be7 {[%emt 0:00:06] B81: Sicilian Scheveningen: Keres Attack.} 9. b3 Nc6 10. Bb2 Nd7 {[%emt 0:00:01] The position is equal.} 11. Nxc6 $146 (11. O-O O-O 12. Nce2 Qc7 13. Qd2 Rb8 14. f4 Nxd4 15. Nxd4 b5 16. Rae1 Bb7 17. Qf2 {½-½ Chandran,K (2367)-Antova,G (2255) Pan American Intercollegiate-chT 2023 (3)}) 11... bxc6 12. Na4 e5 $1 13. Qd2 Nf8 14. f4 Ng6 15. fxe5 Bh4+ 16. Ke2 dxe5 {[%emt 0:06:18] White must now prevent ...Nf4+.} 17. Qxd8+ {[%emt 0:00:05] A sharp opening} Bxd8 18. Rad1 h5 19. Bf3 Nf4+ 20. Ke3 (20. Kf2 {simplifies} f6 21. Bc1 hxg4 22. hxg4 Rxh1 23. Rxh1 Kf7 24. Rh8) 20... f6 21. gxh5 Bc7 22. Ba3 Nxh5 23. h4 Ng3 (23... Nf4 $11 {remains equal.}) 24. Rhg1 $16 {[%emt 0:01:13] White has strong rooks and is better} f5 25. exf5 (25. Rxg3 $6 f4+ 26. Kf2 fxg3+ 27. Kxg3 Rh7 $14) 25... Nxf5+ 26. Kf2 {[%emt 0:01:06] White has more active pieces.} Bd7 (26... Kf7 $16) 27. Be4 $18 Rxh4 28. Bxf5 Rf4+ (28... Bxf5 $2 29. Rxg7 Bd8 (29... Bxc2 $2 30. Re7+ Kf8 31. Rxc7+ $18) 30. Rg8+ Kf7 31. Rf8+ (31. Rgxd8 Rf4+ 32. Kg1 Rg4+ 33. Kf1 Rf4+ 34. Kg1 Rg4+ 35. Kf2 Rf4+ 36. Kg1 $11) (31. Rdxd8 Rxd8 32. Rxd8 c5 $18) 31... Kg6 32. Rd6+ (32. Rdxd8 Rxd8 33. Rxd8 Rh2+ 34. Kf3 Bxc2 $18) (32. Rfxd8 Rf4+ 33. Kg3 Rg4+ 34. Kh2 Rh4+ 35. Kg1 Rg4+ 36. Kf2 Rf4+ 37. Kg3 Rg4+ 38. Kf2 Rf4+ $11) 32... Kh5 33. Rxf5+ $18) 29. Ke3 Rxf5 30. Rxg7 O-O-O 31. Bd6 e4 32. Bxc7 (32. Kxe4 $2 Re8+ 33. Be7 Re5+ 34. Kf3 R8xe7 $19 (34... R5xe7 $2 35. Rxe7 Rxe7 36. Rd4 $19)) 32... Kxc7 {[%emt 0:00:01] [#]} 33. b4 (33. Kxe4 $2 Re8+ 34. Kd4 Rd5+ 35. Kc3 Rxd1 $19) 33... Rd5 34. Rd4 (34. Rxd5 $18 {Intending Rd1 and mate.} cxd5 35. Nc5) 34... Rxd4 35. Kxd4 $16 {[%emt 0:00:07][%cal Oa4c5][%mdl 4096] Endgame KRB-KRN} Kb8 36. Kxe4 Bc8 37. Nb6 Be6 (37... c5 $16) 38. c4 Rd2 39. Ke5 Bh3 40. Rg3 (40. a3 $18) 40... Kb7 41. Na4 Bf1 42. Nc5+ Ka8 43. Rg8+ (43. Nxa6 $6 Bxc4 44. Nc5 Bxa2 $11) 43... Ka7 44. Rg7+ Ka8 $2 {[%emt 0:00:06][%mdl 8192] [#]} (44... Kb8 $16) 45. Nb3 $1 $18 (45. Nxa6 Bxc4 46. Nc7+ Kb8 $11) 45... Rxa2 46. Na5 Bg2 47. Kd6 {[%emt 0:00:14][%cal Od6c7] And now Kc7! would win.} Rb2 48. Kc5 (48. Nxc6 Bxc6 49. Kxc6 Rxb4 $11) 48... Bf3 (48... Kb8 49. Rb7+ (49. Nxc6+ Bxc6 50. Kxc6 Rxb4 $11) 49... Ka8) 49. Rf7 (49. Nxc6 Bxc6 50. Kxc6 Rxb4 $11) 49... Bg2 50. Rc7 (50. Nxc6 Bxc6 51. Kxc6 Rxb4 $14) 50... Bf3 (50... Kb8 {might work better.} 51. Rh7 (51. Nxc6+ $2 Kxc7 52. Ne5 Be4 $19) 51... Rb1) 51. Re7 (51. Nxc6 Bxc6 52. Rxc6 Ka7 $16) 51... Bg2 (51... Kb8 $142 52. Rb7+ (52. Nxc6+ Bxc6 53. Kxc6 Rxb4 $11) 52... Ka8) 52. Nb7 (52. Nxc6 Bxc6 53. Kxc6 Rxb4 $11) 52... Kb8 53. Nd6 Ka8 $2 (53... Bh3 $18 54. Rb7+ (54. Kxc6 Rxb4 55. Re8+ Ka7 $14) 54... Ka8) 54. Ne8 $2 (54. Kb6 {mates} Rxb4+ 55. Nb5 (55. Kxa6 Kb8 $11) 55... Rxb5+ 56. cxb5 Bh3 57. Re8+ Bc8 58. Rxc8#) 54... Kb8 55. Nc7 Ra2 $2 (55... Kc8 $16 {is more resistant.} 56. Rg7 (56. Nxa6 Rc2 $14) 56... Bf3) 56. Kb6 Kc8 57. Ne6 (57. Nxa6 Kd8 $18) 57... Rb2 58. Ka7 {[%emt 0:01:34] Weighted Error Value: White=0.30/Black=0.66  Loses game:     	---       	Black=2      Mistake:       	White=3     	Black=6      Inaccurate:     	White=4     	Black=4      OK:         	White=21    	Black=12     Best:        	White=7     	Black=5      Strong:       	White=1     	Black=1} 1-0